 Dungeon Crawl Stone Soup version 0.21.1-1-g345015f (webtiles) character file.

87 sking99 the Cudgeler (level 4, -1/60 HPs)
             Began as a Minotaur Berserker on June 17, 2018.
             Was a Believer of Trog.
             Slain by a gnoll
             ... wielding a +2 flail of crushing
              (2 damage)
             ... on level 2 of the Dungeon.
             The game lasted 00:12:25 (1470 turns).

sking99 the Cudgeler (Minotaur Berserker)           Turns: 1470, Time: 00:12:26

Health: -1/60      AC:  5    Str: 27    XL:     4   Next: 28%
Magic:  3/3        EV: 11    Int:  4    God:    Trog [**....]
Gold:   73         SH:  3    Dex: 10    Spells: 3/3 levels left

rFire    . . .     SeeInvis .   a - +0 mace
rCold    . . .     Gourm    .   e - +0 buckler
rNeg     . . .     Faith    .   r - +0 ring mail
rPois    .         Spirit   .   (helmet restricted)
rElec    .         Reflect  .   (no cloak)
rCorr    .         Harm     .   (no gloves)
MR       .....                  (no boots)
Stlth    ..........             (no amulet)
HPRegen  0.20/turn              (no ring)
MPRegen  0.08/turn              (no ring)

@: berserking, very quick
A: retaliatory headbutt, horns 2
a: Berserk, Trog's Hand, Burn Spellbooks, Renounce Religion


You were on level 2 of the Dungeon.
You worshipped Trog.
Trog was pleased with you.
You were very hungry.

You visited 1 branch of the dungeon, and saw 2 of its levels.

You collected 73 gold pieces.

Inventory:

Hand Weapons
 a - a +0 mace (weapon)
Armour
 b - a +0 animal skin
 e - a +0 buckler (worn)
 g - a +0 leather armour
 r - a +0 ring mail (worn)
Jewellery
 n - an uncursed ring of ice {unknown}
Scrolls
 d - 2 scrolls of remove curse {unknown}
 f - a scroll of teleportation {unknown}
 i - a scroll of enchant weapon {unknown}
 j - 2 scrolls of identify {unknown}
 m - 2 scrolls of enchant armour {unknown}
Potions
 h - a potion of agility {unknown}
 k - a potion of cancellation {unknown}
 l - 3 potions of flight {unknown}
 o - a potion of mutation {unknown}
 p - a potion of curing {unknown}
 q - a potion of brilliance {unknown}
Comestibles
 c - 3 rations


   Skills:
 + Level 4.3 Fighting
 * Level 5.0 Maces & Flails
 + Level 3.0 Armour
 + Level 2.7 Dodging
 + Level 0.3 Stealth


You had 3 spell levels left.
You didn't know any spells.

Dungeon Overview and Level Annotations

Branches:
Dungeon (2/15)

Altars:
Nemelex Xobeh


Innate Abilities, Weirdness & Mutations

You reflexively headbutt those who attack you in melee.
You have a pair of horns on your head.


Message History

You are feeling very hungry.
The gnoll barely misses you. The gnoll hits you. The gnoll closely misses you.
You are too injured to fight recklessly!
You are too injured to fight recklessly!
You are too injured to fight recklessly!
You are too injured to fight recklessly!
You sock the gnoll! Your headbutt misses the gnoll.
The gnoll is severely wounded.
The gnoll hits you with a flail of crushing!
* * * LOW HITPOINT WARNING * * *
x2 The gnoll hits you but does no damage.
The gnoll barely misses you.
You sock the gnoll!
You kill the gnoll!
Trog accepts your kill.
Your Armour skill increases to level 3!
The gnoll hits you.
* * * LOW HITPOINT WARNING * * *
The gnoll hits you with a flail of crushing!
* * * LOW HITPOINT WARNING * * *
You die...

#.......
##########################.......
..........<..............'.......
##########################.......
####### #....... #### #.....#
#.)..... ..... #.....# #.......
#### ......#g....#####.......
.... ......g@....'..#########
#### ..!...#...).##+###### .#
..... #.............. .# ....
#.............. .# ...
#.............. .# ..
#.............. .# !
#.....###+####### .#
######..........# ## #..........#


You could see 2 gnolls.

Vanquished Creatures
  Terence (D:2)
  2 gnolls (D:2)
  An ooze (D:2)
  A dart slug (D:1)
  2 ball pythons
  5 bats
  5 giant cockroaches
  3 hobgoblins (D:1)
  3 jackals (D:2)
  2 frilled lizards (D:1)
  4 goblins
  4 kobolds
  2 rats (D:1)
35 creatures vanquished.

Notes
Turn   | Place    | Note
-------+----------+-------------------------------------------
     0 | D:1      | sking99 the Minotaur Berserker began the quest for the Orb.
     0 | D:1      | Reached XP level 1. HP: 19/19 MP: 0/0
   241 | D:1      | Reached XP level 2. HP: 14/27 MP: 1/1
   432 | D:1      | Reached skill level 4 in Maces & Flails
  1131 | D:2      | Reached XP level 3. HP: 32/33 MP: 2/2
  1200 | D:2      | Found a sparkling altar of Nemelex Xobeh.
  1205 | D:2      | Reached ** piety under Trog
  1409 | D:2      | Noticed Terence
  1414 | D:2      | Killed Terence
  1460 | D:2      | Reached skill level 5 in Maces & Flails
  1460 | D:2      | Reached XP level 4. HP: 40/40 MP: 3/3
  1470 | D:2      | HP: 1/60 [gnoll/flail of crushing (10)]
  1470 | D:2      | Slain by a gnoll

Skill      XL: |  1  2  3  4 |
---------------+-------------+-----
Maces & Flails | 4 5 |  5.0
Fighting       | 4 |  4.3
Armour         | 3 |  3.0
Dodging        | |  2.7
Stealth        | |  0.3

Action                   |  1- 3 |  4- 6 || total
-------------------------+-------+-------++-------
Melee: Mace              |    67 |     9 ||    76
       Headbutt          |     4 |     1 ||     5
Invok: Berserk           |     2 |     1 ||     3
  Eat: Ration            |     1 |       ||     1
Armor: Animal skin       |     4 |       ||     4
       Leather armour    |    15 |       ||    15
       Ring mail         |       |     3 ||     3
Dodge: Dodged            |    36 |     5 ||    41
Block: Buckler           |     4 |     1 ||     5
